 Dungeon Crawl Stone Soup version 0.18.1-50-g88ac8fd (webtiles) character file.

2712 varam the Protected (level 9, -2/73 HPs)
             Began as a Minotaur Hunter on Oct 22, 2016.
             Was a Follower of Okawaru.
             Slain by a warg (16 damage)
             ... on level 7 of the Dungeon.
             The game lasted 00:23:58 (8003 turns).

varam the Protected (Minotaur Hunter)               Turns: 8003, Time: 00:23:58

Health: -2/73      AC:  9    Str: 21 (24) XL:     9   Next: 39%
Magic:  8/10       EV: 16    Int:  7 (8)  God:    Okawaru [*.....]
Gold:   342        SH:  0    Dex: 13 (14) Spells: 0 memorised, 8 levels left

rFire  . . .     SeeInvis .     O - +4 quarterstaff (chaos)
rCold  + . .     Gourm    .     c - +0 leather armour of Elyvilon's Favour {rElec rC+ Str+7}
rNeg   . . .     Faith    .     (shield currently unavailable)
rPois  .         Spirit   .     (helmet restricted)
rElec  +         Dismiss  .     P - +1 cloak
rCorr  .         Reflect  .     (no gloves)
SustAt .         Harm     .     z - +0 pair of boots
MR     .....                    (no amulet)
Stlth  ++........               (no ring)
                                (no ring)

@: heroism, not resistant to hostile enchantments, unstealthy
A: retaliatory headbutt, horns 2
a: Heroism, Renounce Religion


You were on level 7 of the Dungeon.
You worshipped Okawaru.
Okawaru was aware of your devotion.
You were hungry.

You visited 2 branches of the dungeon, and saw 8 of its levels.

You collected 342 gold pieces.

Inventory:

Hand Weapons
 a - a +1 hand crossbow
 O - a +4 quarterstaff of chaos (weapon)
Missiles
 b - 10 tomahawks (quivered)
 s - 6 bolts
Armour
 c - the +0 leather armour of Elyvilon's Favour (worn) {rElec rC+ Str+7}
   (You found it on level 6 of the Dungeon)

   It affects your strength (+7).
   It protects you from cold.
   It insulates you from electricity.
 l - a +0 scale mail
 z - a +0 pair of boots (worn)
 A - the +1 robe of Suukhub {rElec rCorr}
   (You found it on level 6 of the Dungeon)

   It insulates you from electricity.
   It protects you from acid and corrosion.
 P - a +1 cloak (worn)
Magical Staves
 J - an uncursed staff of earth {unknown}
Jewellery
 k - an uncursed amulet of regeneration {unknown}
 m - a cursed ring of loudness {unknown}
 x - an uncursed amulet of regeneration {unknown}
 G - an uncursed ring of protection from fire {unknown}
Wands
 C - a wand of flame (19/48)
 E - a wand of random effects (30/48)
 K - a wand of flame (14/48)
Scrolls
 d - a scroll of recharging {unknown}
 e - a scroll of enchant weapon {unknown}
 i - 8 scrolls of identify {unknown}
 j - 2 scrolls of remove curse {unknown}
 n - 4 scrolls of random uselessness {unknown}
 t - a scroll of fog {unknown}
 u - 2 scrolls of teleportation {unknown}
 w - a scroll of noise {unknown}
 y - a scroll of blinking {unknown}
 M - a scroll of immolation {unknown}
Potions
 g - 5 potions of degeneration
 h - 5 potions of lignification {unknown}
 p - a potion of heal wounds {unknown}
 q - 2 potions of curing {unknown}
 r - a potion of resistance {unknown}
 v - a potion of mutation {unknown}
 B - a potion of cancellation {unknown}
 F - a potion of ambrosia {unknown}
 I - 2 potions of haste {unknown}
Comestibles
 f - a bread ration
 o - 6 fruits
 H - 2 meat rations


   Skills:
 - Level 4.9(9.9) Fighting
   Level 0.2(5.2) Short Blades
   Level 5.1(11.4) Maces & Flails
 + Level 6.0(11.9) Staves
 - Level 7.0(12.0) Crossbows
 - Level 9.2(14.2) Armour
 + Level 4.0(9.0) Dodging
 - Level 0.7(5.7) Stealth
 + Level 3.1 Invocations


You had 8 spell levels left.
You didn't know any spells.

Dungeon Overview and Level Annotations

Branches:
Dungeon (7/15)             Temple (1/1) D:5

Altars:
Cheibriados
Gozag
Kikubaaqudgha
Makhleb
Nemelex Xobeh
Okawaru
Ru
Sif Muna
Trog
Vehumet
Yredelemnul
Zin
The Shining One

Annotations:
D:7 Joseph


Innate Abilities, Weirdness & Mutations

You reflexively headbutt those who attack you in melee.
You have a pair of horns on your head.


Message History

Joseph shoots a sling bullet.
The sling bullet hits you! The sling bullet burns you. The warg bites you!
Wield which item (- for none, * to show all)? (? for menu, Esc to quit)
Your +4 quarterstaff of chaos is briefly surrounded by a scintillating aura of random colours.
O - a +4 quarterstaff of chaos (weapon)
The warg bites you!
You gain the combat prowess of a mighty hero.
You feel slightly more hungry. The warg bites you!
* * * LOW HITPOINT WARNING * * *
You hit the warg. You burn the warg. You headbutt the warg.
The warg is moderately wounded.
The warg bites you.
* * * LOW HITPOINT WARNING * * *
Drink which item? (? for menu, Esc to quit)
It was a potion of degeneration.
There was something very wrong with that liquid.
You feel weakened.
You feel dopey.
You feel clumsy. The warg bites you!
You die...

########....####.
#......'.........
#.######....############
#.######....#..........#
......##....#.###...##.#
......##....#........#.#
......#####.#####....#.#
......#####..........#.#
#.#.....()...(..@h@..#.#
#...########......#.##.#
###.# #.####.#.##.# #.#
#.# #.#....# #+#
#.####.#.@.##
#......#.#.#
#..#####.#.# #..# #.#.#
....#####.#@#######..


You could see Joseph and a warg.

Vanquished Creatures
  Pikel (D:5)
  Eustachio (D:5)
  2 hungry ghosts (D:7)
  Edmund (D:5)
  3 sky beasts
  A phantom (D:4)
  An ogre (D:6)
  A centaur (D:5)
  A big kobold (D:7)
  A scorpion (D:4)
  A water moccasin skeleton (D:6)
  The ghost of Monkfish the Sneak, a weakling KoAs (D:3)
  A centaur zombie (D:6)
  A crimson imp (D:4)
  2 hounds
  Crazy Yiuf (D:3)
  6 orc priests
  7 orc wizards
  Jessica (D:3)
  An iguana (D:4)
  Natasha (D:3)
  3 worker ants (D:4)
  Terence (D:2)
  A hound skeleton (D:6)
  Robin (D:2)
  A howler monkey skeleton (D:5)
  4 adders
  A shadow imp (D:5)
  3 oozes (D:2)
  3 worms
  2 dart slugs
  5 giant geckos
  25 orcs
  9 bats
  3 giant cockroaches
  14 goblins
  14 hobgoblins
  4 jackals
  9 kobolds
  3 quokkas
  2 ball pythons
  A ball python zombie (D:5)
  A giant gecko skeleton (D:4)
  3 giant newts
  A jackal skeleton (D:5)
  8 rats
158 creatures vanquished.

Vanquished Creatures (others)
  A giant frog (D:5)
  A hound (D:5)
  A goblin (D:2)
3 creatures vanquished.

Grand Total: 161 creatures vanquished

Notes
Turn   | Place    | Note
--------------------------------------------------------------
     0 | D:1      | varam the Minotaur Hunter began the quest for the Orb.
     0 | D:1      | Reached XP level 1. HP: 18/18 MP: 0/0
    40 | D:1      | You fall through a shaft!
   108 | D:2      | Reached XP level 2. HP: 25/25 MP: 1/1
   177 | D:2      | Reached skill level 5 in Crossbows
   238 | D:2      | Found a deep blue altar of Sif Muna.
   494 | D:2      | Noticed Terence
   511 | D:2      | Killed Terence
   511 | D:2      | Reached XP level 3. HP: 25/30 MP: 2/2
   558 | D:2      | Found an ancient bone altar of Kikubaaqudgha.
   635 | D:2      | Noticed Robin
   681 | D:2      | Reached XP level 4. HP: 33/37 MP: 3/3
   949 | D:2      | Killed Robin
  1126 | D:2      | Found a sparkling altar of Nemelex Xobeh.
  1224 | D:3      | Reached XP level 5. HP: 24/42 MP: 4/4
  1370 | D:3      | Noticed Monkfish's ghost (weakling KoAs)
  1757 | D:3      | Killed Monkfish's ghost
  1757 | D:3      | Reached skill level 1 in Armour
  1800 | D:3      | Found a snail-covered altar of Cheibriados.
  2012 | D:3      | Reached skill level 2 in Armour
  3061 | D:3      | Reached XP level 6. HP: 44/51 MP: 5/5
  3108 | D:3      | Reached skill level 3 in Armour
  3876 | D:3      | Noticed Crazy Yiuf
  4160 | D:3      | Noticed Jessica
  4166 | D:3      | Killed Jessica
  4196 | D:3      | Noticed Natasha
  4200 | D:3      | Killed Natasha
  4506 | D:4      | Found an opulent altar of Gozag.
  4545 | D:4      | Reached skill level 4 in Armour
  4681 | D:4      | Reached XP level 7. HP: 52/60 MP: 6/6
  4832 | D:4      | Reached skill level 5 in Armour
  5011 | D:5      | Entered Level 5 of the Dungeon
  5139 | D:4      | Reached skill level 1 in Maces & Flails
  5139 | D:4      | Reached skill level 6 in Armour
  5852 | D:5      | Noticed Edmund
  5872 | D:5      | Killed Edmund
  5872 | D:5      | Reached skill level 7 in Armour
  5872 | D:5      | Reached XP level 8. HP: 53/67 MP: 7/7
  6068 | D:5      | Noticed Eustachio
  6087 | D:5      | Killed Eustachio
  6218 | D:5      | Found a staircase to the Ecumenical Temple.
  6228 | Temple   | Entered the Ecumenical Temple
  6238 | Temple   | Reached skill level 5 in Maces & Flails
  6291 | Temple   | Became a worshipper of Warmaster Okawaru
  6453 | D:5      | Reached skill level 8 in Armour
  6587 | D:3      | Killed Crazy Yiuf
  6587 | D:3      | Reached skill level 1 in Staves
  6768 | D:5      | Noticed Pikel
  6817 | D:5      | Killed Pikel
  6817 | D:5      | Reached skill level 9 in Armour
  6911 | D:6      | Got a pitted leather armour
  6922 | D:6      | Identified the +0 leather armour of Elyvilon's Favour {rElec rC+ Str+7} (You found it on level 6 of the Dungeon)
  6951 | D:6      | Reached * piety under Okawaru
  6951 | D:6      | Reached skill level 1 in Invocations
  6951 | D:6      | Reached XP level 9. HP: 69/73 MP: 8/8
  7311 | D:5      | Reached skill level 5 in Staves
  7375 | D:6      | Found a sacrificial altar of Ru.
  7417 | D:6      | Got an ominously black robe
  7428 | D:6      | Identified the +1 robe of Suukhub {rElec rCorr} (You found it on level 6 of the Dungeon)
  7980 | D:7      | Noticed Joseph
  8003 | D:7      | Slain by a warg

Skill      XL: |  1  2  3  4  5  6  7  8  9 |
---------------+----------------------------+-----
Crossbows      | 5 6 7 |  7.0
Armour         | 2 4 7 9 |  9.2
Fighting       | 3 4 |  4.9
Maces & Flails | 3 5 |  5.1
Staves         | 4 6 |  6.0
Invocations    | 1 3 |  3.1
Dodging        | 4 |  4.0
Short Blades   | |  0.2
Stealth        | |  0.7

Action                   |  1- 3 |  4- 6 |  7- 9 || total
-------------------------+-------+-------+-------++-------
Melee: Short sword       |    10 |    92 |       ||   102
       Headbutt          |     1 |    27 |    37 ||    65
       Mace              |       |    84 |    63 ||   147
       Dire flail        |       |       |    61 ||    61
       Quarterstaff      |       |       |    82 ||    82
 Fire: Hand crossbow     |    57 |    41 |    16 ||   114
Throw: Tomahawk          |       |     4 |       ||     4
Invok: Heroism           |       |       |     2 ||     2
  Use: Potion            |       |       |     1 ||     1
 Stab: Confused          |       |       |     1 ||     1
  Eat: Chunk             |       |     7 |     7 ||    14
       Bread ration      |       |     1 |     1 ||     2
       Pizza             |       |       |     1 ||     1
Armor: Leather armour    |    11 |       |    28 ||    39
       Scale mail        |    11 |    93 |    68 ||   172
Dodge: Dodged            |    25 |   122 |   107 ||   254
